 Dungeon Crawl Stone Soup version 0.28.0-53-g5a82cb258f (webtiles) character file.

Game seed: 8930736650872545354

11 jamesblauser the Vexing (level 2, -4/19 HPs)
             Began as a Vampire Enchanter on Nov 5, 2022.
             Frozen to death by an endoplasm (5 damage)
             ... on level 1 of the Dungeon.
             The game lasted 00:06:07 (767 turns).

jamesblauser the Vexing (Vampire Enchanter)          Turns: 767, Time: 00:06:07

Health: -4/19      AC:  2    Str:  7    XL:     2   Next: 17%
Magic:  5/5        EV: 12    Int: 17    God:
Gold:   22         SH:  0    Dex: 14    Spells: 5/5 levels left

rFire   . . .      SeeInvis +   a - +1 dagger
rCold   . . .      Faith    .   (no shield)
rNeg    . . .      Spirit   .   b - +0 robe
rPois   .          Reflect  .   (no helmet)
rElec   .          Harm     .   (no cloak)
rCorr   .          Rampage  .   (no gloves)
Will    .....                   (no boots)
Stlth   +++.......              (no amulet)
HPRegen 0.26/turn               (no ring)
MPRegen 0.09/turn               (no ring)

@: healing quickly
A: alive, fangs 3, see invisible, vampiric 1
a: Exsanguinate


You were on level 1 of the Dungeon.
You visited 1 branch of the dungeon, and saw 1 of its levels.

You collected 22 gold pieces.

Inventory:

Hand Weapons
 a - a +1 dagger (weapon)
 d - a +0 great sword
Armour
 b - a +0 robe (worn)
Potions
 c - a potion of invisibility


   Skills:
 + Level 1.2(1.4) Short Blades
 + Level 0.6(1.0) Long Blades
 + Level 2.4 Dodging
 + Level 4.6 Stealth
 + Level 2.0 Spellcasting
 + Level 4.7 Hexes


You had 5 spell levels left.
You didn't know any spells.
Your spell library contained the following spells:

 Spells                   Type           Power      Damage    Failure   Level
 Confusing Touch          Hex            17%        N/A       9%          3
 Tukima's Dance           Hex            17%        N/A       9%          3
 Ensorcelled Hibernation  Hex/Ice        18%        N/A       11%         2
 Dazzling Flash           Conj/Hex       18%        N/A       22%         3


Dungeon Overview and Level Annotations

Branches:
Dungeon (1/15)

Altars:


Innate Abilities, Weirdness & Mutations

Your natural rate of healing is accelerated.
You have razor-sharp teeth.
You have supernaturally acute eyesight. (SInv)
You are afflicted with vampirism.


Message History

You hit the ball python.
The ball python is severely wounded.
The ball python bites you. The ball python grabs you.
The ball python constricts you.
You hit the ball python.
You kill the ball python!
You see here a ball python corpse.
A hobgoblin comes into view.
A kobold comes into view. It is wielding a +0 club.
An endoplasm comes into view.
Found 9 gold pieces.
The kobold shouts!
The endoplasm quivers.
The hobgoblin shouts!
The kobold closely misses you.
You hit the kobold but do no damage. You closely miss the kobold.
You bite the kobold.
The kobold is moderately wounded.
The kobold hits you with a +0 club. The endoplasm completely misses you.
You miss the kobold.
The kobold is moderately wounded.
The kobold closely misses you. The endoplasm freezes you.
You are frozen.
The hobgoblin closely misses you.
You barely miss the kobold.
The kobold is moderately wounded.
The kobold hits you with a +0 club. The endoplasm freezes you.
You are frozen.
The hobgoblin hits you.
* * * LOW HITPOINT WARNING * * *
You completely miss the endoplasm. The kobold hits you with a +0 club.
* * * LOW HITPOINT WARNING * * *
The hobgoblin completely misses you. The endoplasm closely misses you.
The endoplasm hits you but does no damage.
You hit the kobold. You bite the kobold.
You kill the kobold!
The hobgoblin closely misses you. The endoplasm freezes you.
You are frozen.
You die...

###.†###.....### #.##
#............# #.##
#....###.#.#.# #...
######........#.#.# ##..
#....'.....####.#+#######
#.#
#.####.....#..#..........
##.
#..........#..#..........
##
#..###.....#.....g.......
#..# #.....#....@).......
#..# #.....####.#J.......
...# #.....†....#........
#### #....#######........
#....# #........ ######
#$....... #........
#........


You could see an endoplasm and a hobgoblin.

Vanquished Creatures
  2 ball pythons (D:1)
  2 hobgoblins (D:1)
  2 jackals (D:1)
  A bat (D:1)
  A frilled lizard (D:1)
  A goblin (D:1)
  A kobold (D:1)
  2 rats (D:1)
12 creatures vanquished.

Notes
Turn   | Place    | Note
-------+----------+-------------------------------------------
     0 | D:1      | jamesblauser the Vampire Enchanter began the quest for the
                  | Orb.
     0 | D:1      | Reached XP level 1. HP: 13/13 MP: 3/3
   595 | D:1      | Reached XP level 2. HP: 13/19 MP: 5/5
   767 | D:1      | Frozen to death by an endoplasm

Illustrated notes

Levels and vault maps discovered:
D:1:      amcnicky_arrival_gap_in_the_tavern_cellar, layout_basic

Action                   || total
-------------------------++-------
Melee: Dagger            ||    39
       Great sword       ||    11
       Bite              ||     6
       Punch             ||     2
  Use: Scroll            ||     1
       Potion            ||     1
 Stab: Sleeping          ||     2
Armor: Robe              ||    29
Dodge: Dodged            ||    54
